| TOP OF THE 1ST |
|
Mississippi State University Bulldogs batting - Pitching for University of Conneticut Huskies : RHP Dave Cobos
|
|
Pitching: RHP Dave Cobos
|
|
|
Batting: SHB Toshinori Shimabukuro
|
0-0: Ball 1-0: Fly out, F8 (Flyball, 8RD, EV 79.4 MPH)
|
|
Batting: RHB Masahito Sunada
|
0-0: Called Strike 0-1: Called Strike 0-2: SINGLE (Popup, 6MD, EV 55.0 MPH)
|
|
Batting: RHB Benito Gonzales
|
0-0: Called Strike 0-1: Ball 1-1: DOUBLE (Line Drive, 78D, EV 103.1 MPH) Masahito Sunada to third
|
|
Batting: SHB Jim Rutherford
|
0-0: Called Strike 0-1: Ball 1-1: Foul Ball, location: 2F 1-2: Foul Ball, location: 2F 1-2: Strikes out swinging
|
|
Batting: RHB Josh Simmons
|
0-0: Called Strike 0-1: Foul Ball, location: 2F 0-2: Ball 1-2: Ball 2-2: Ball 3-2: Base on Balls
|
|
Batting: SHB Shou-xin Ouyang
|
0-0: Ball 1-0: SINGLE (Groundball, 3D, EV 100.0 MPH) Masahito Sunada scores Benito Gonzales to third Josh Simmons to second Runner from 3rd tries for Home, SAFE, throw by RF to home
|
|
Batting: RHB Eric Riley
|
0-0: Fly out, F3 (Line Drive, 3, EV 69.4 MPH)
|
| Top of the 1st over - 2 runs, 3 hits, 0 errors, 2 left on base; Mississippi State University 2 - University of Conneticut 0 |
| BOTTOM OF THE 1ST |
|
University of Conneticut Huskies batting - Pitching for Mississippi State University Bulldogs : RHP Gary Gamble
|
|
Pitching: RHP Gary Gamble
|
|
|
Batting: RHB Jordan Nicholas
|
0-0: Called Strike 0-1: Swinging Strike 0-2: Ball 1-2: Strikes out swinging
|
|
Batting: RHB Phil Hilton
|
0-0: Ball 1-0: Ball 2-0: Swinging Strike 2-1: Ball 3-1: Base on Balls
|
|
Batting: LHB Greg James
|
0-0: Swinging Strike 0-1: Ball 1-1: Ball 2-1: Ball 3-1: Called Strike 3-2: Foul Ball, location: 2F 3-2: Base on Balls Phil Hilton to second
|
|
Batting: RHB Jai De san miguel
|
0-0: Grounds into double play, 5-4-3 (Groundball, 5, EV 87.5 MPH)
|
| Bottom of the 1st over - 0 runs, 0 hits, 0 errors, 1 left on base; Mississippi State University 2 - University of Conneticut 0 |
| TOP OF THE 2ND |
|
Mississippi State University Bulldogs batting - Pitching for University of Conneticut Huskies : RHP Dave Cobos
|
|
Batting: RHB Logan Strassburg
|
0-0: Called Strike 0-1: Foul Ball, location: 2F 0-2: Ball 1-2: Foul Ball, location: 2F 1-2: Ground out 6-3 (Groundball, 6, EV 93.8 MPH)
|
|
Batting: RHB Karl Lukasiewicz
|
0-0: Foul Ball, location: 2F 0-1: Called Strike 0-2: SINGLE (Flyball, 56D, EV 86.2 MPH)
|
|
Batting: SHB Toshinori Shimabukuro
|
0-0: Ball 1-0: Foul Ball, location: 2F 1-1: Fielders Choice at 2nd, 6-4 (Groundball, 6M, EV 79.4 MPH)
|
|
Batting: RHB Masahito Sunada
|
0-0: Called Strike 0-1: Foul Ball, location: 2F 0-2: Ball 1-2: Ball 2-2: Strikes out swinging
|
| Top of the 2nd over - 0 runs, 1 hit, 0 errors, 1 left on base; Mississippi State University 2 - University of Conneticut 0 |
| BOTTOM OF THE 2ND |
|
University of Conneticut Huskies batting - Pitching for Mississippi State University Bulldogs : RHP Gary Gamble
|
|
Batting: RHB Charlie Slayback
|
0-0: Ball 1-0: Called Strike 1-1: DOUBLE (Line Drive, 78M, EV 105.6 MPH)
|
|
Batting: RHB Victor Ramos
|
0-0: Ball 1-0: Called Strike 1-1: Ball 2-1: Swinging Strike 2-2: Foul Ball, location: 2F 2-2: Foul Ball, location: 2F 2-2: Strikes out swinging
|
|
Batting: LHB Matt Reed
|
0-0: Ball 1-0: Swinging Strike 1-1: Swinging Strike 1-2: Strikes out swinging
|
|
Batting: RHB Dave Cobos
|
0-0: Called Strike 0-1: Called Strike 0-2: Ball 1-2: Foul Ball, location: 2F 1-2: Ball 2-2: Ball 3-2: Strikes out swinging
|
| Bottom of the 2nd over - 0 runs, 1 hit, 0 errors, 1 left on base; Mississippi State University 2 - University of Conneticut 0 |
| TOP OF THE 3RD |
|
Mississippi State University Bulldogs batting - Pitching for University of Conneticut Huskies : RHP Dave Cobos
|
|
Batting: RHB Benito Gonzales
|
0-0: Ball 1-0: Foul Ball, location: 2F 1-1: Ball 2-1: Ball 3-1: Fly out, F4 (Popup, 4, EV 74.4 MPH)
|
|
Batting: SHB Jim Rutherford
|
0-0: Called Strike 0-1: Ball 1-1: Ball 2-1: Ball 3-1: Foul Ball, location: 2F 3-2: Foul Ball, location: 2F 3-2: Foul Ball, location: 2F 3-2: DOUBLE (Line Drive, 7LS, EV 101.2 MPH)
|
|
Batting: RHB Josh Simmons
|
0-0: Foul Ball, location: 2F 0-1: Foul Ball, location: 2F 0-2: Ball 1-2: Strikes out looking
|
|
Batting: SHB Shou-xin Ouyang
|
0-0: Ground out 5-3 (Groundball, 56, EV 84.4 MPH)
|
| Top of the 3rd over - 0 runs, 1 hit, 0 errors, 1 left on base; Mississippi State University 2 - University of Conneticut 0 |
| BOTTOM OF THE 3RD |
|
University of Conneticut Huskies batting - Pitching for Mississippi State University Bulldogs : RHP Gary Gamble
|
|
Batting: LHB Chris Grayson
|
0-0: Ball 1-0: SINGLE (Groundball, 56D, EV 96.9 MPH)
|
|
Batting: RHB Jordan Nicholas
|
0-0: Ball Chris Grayson is caught stealing 2nd base 2-4 1-0: Fly out, F4 (Line Drive, 4, EV 68.1 MPH)
|
|
Batting: RHB Phil Hilton
|
0-0: Ball 1-0: Ball 2-0: Foul Ball, location: 2F 2-1: Fly out, F9 (Line Drive, 9S, EV 93.8 MPH)
|
| Bottom of the 3rd over - 0 runs, 1 hit, 0 errors, 0 left on base; Mississippi State University 2 - University of Conneticut 0 |
| TOP OF THE 4TH |
|
Mississippi State University Bulldogs batting - Pitching for University of Conneticut Huskies : RHP Dave Cobos
|
|
Batting: RHB Eric Riley
|
0-0: Called Strike 0-1: Ball 1-1: Fly out, F9 (Flyball, 9S, EV 89.4 MPH)
|
|
Batting: RHB Logan Strassburg
|
0-0: Called Strike 0-1: Ball 1-1: Foul Ball, location: 2F 1-2: Ball 2-2: Fly out, F2 (Popup, 25F, EV 85.6 MPH)
|
|
Batting: RHB Karl Lukasiewicz
|
0-0: Ball 1-0: SINGLE (Line Drive, 5L, EV 96.2 MPH)
|
|
Batting: SHB Toshinori Shimabukuro
|
0-0: Ball 1-0: Ball 2-0: Ball 3-0: Ground out 4-3 (Groundball, 4, EV 104.4 MPH)
|
| Top of the 4th over - 0 runs, 1 hit, 0 errors, 1 left on base; Mississippi State University 2 - University of Conneticut 0 |
| BOTTOM OF THE 4TH |
|
University of Conneticut Huskies batting - Pitching for Mississippi State University Bulldogs : RHP Gary Gamble
|
|
Batting: LHB Greg James
|
0-0: Foul Ball, location: 2F 0-1: Swinging Strike 0-2: Ball 1-2: Strikes out swinging
|
|
Batting: RHB Jai De san miguel
|
0-0: Ball 1-0: Called Strike 1-1: Fly out, F8 (Flyball, 8RXD, EV 85.0 MPH)
|
|
Batting: RHB Charlie Slayback
|
0-0: Called Strike 0-1: Foul Ball, location: 2F 0-2: Strikes out swinging, 2-3 out at first.
|
| Bottom of the 4th over - 0 runs, 0 hits, 0 errors, 0 left on base; Mississippi State University 2 - University of Conneticut 0 |
| TOP OF THE 5TH |
|
Mississippi State University Bulldogs batting - Pitching for University of Conneticut Huskies : RHP Dave Cobos
|
|
Batting: RHB Masahito Sunada
|
0-0: Ball 1-0: Foul Ball, location: 2F 1-1: Ball 2-1: Ball 3-1: Foul Ball, location: 2F 3-2: Strikes out looking
|
|
Pitching: RHP Ti-an Tian
|
|
|
Batting: RHB Benito Gonzales
|
0-0: Ball 1-0: Ground out 6-3 (Groundball, 6, EV 76.2 MPH)
|
|
Batting: SHB Jim Rutherford
|
0-0: Ball 1-0: Ball 2-0: Ball 3-0: Called Strike 3-1: Fly out, F7 (Flyball, 7D, EV 102.5 MPH)
|
| Top of the 5th over - 0 runs, 0 hits, 0 errors, 0 left on base; Mississippi State University 2 - University of Conneticut 0 |
| BOTTOM OF THE 5TH |
|
University of Conneticut Huskies batting - Pitching for Mississippi State University Bulldogs : RHP Gary Gamble
|
|
Batting: RHB Victor Ramos
|
0-0: Ball 1-0: Fly out, F9 (Flyball, 89XD, EV 100.0 MPH)
|
|
Batting: LHB Matt Reed
|
0-0: Called Strike 0-1: Ball 1-1: Ball 2-1: Ball 3-1: Fly out, F8 (Flyball, 8LS, EV 85.6 MPH)
|
|
Batting: RHB Dave Cobos
|
0-0: Called Strike 0-1: Ball 1-1: Ball 2-1: Swinging Strike 2-2: Ground out 5-3 (Groundball, 5, EV 106.2 MPH)
|
| Bottom of the 5th over - 0 runs, 0 hits, 0 errors, 0 left on base; Mississippi State University 2 - University of Conneticut 0 |
| TOP OF THE 6TH |
|
Mississippi State University Bulldogs batting - Pitching for University of Conneticut Huskies : RHP Ti-an Tian
|
|
Batting: RHB Josh Simmons
|
0-0: Ball 1-0: Ball 2-0: Called Strike 2-1: Ball 3-1: Foul Ball, location: 2F 3-2: Base on Balls
|
|
Batting: SHB Shou-xin Ouyang
|
0-0: Foul Ball, location: 2F 0-1: Foul Ball, location: 2F 0-2: Ball 1-2: Ball 2-2: Ball 3-2: Base on Balls Josh Simmons to second
|
|
Batting: RHB Eric Riley
|
0-0: Ball 1-0: Swinging Strike 1-1: Ball 2-1: Foul Ball, location: 2F 2-2: Ball 3-2: Foul Ball, location: 2F 3-2: Strikes out looking
|
|
Batting: RHB Logan Strassburg
|
0-0: Foul Ball, location: 2F 0-1: Ball 1-1: Ball 2-1: Foul Ball, location: 2F 2-2: Foul Ball, location: 2F 2-2: Ball 3-2: Base on Balls Josh Simmons to third Shou-xin Ouyang to second
|
|
Batting: RHB Karl Lukasiewicz
|
0-0: Called Strike 0-1: Ball 1-1: Foul Ball, location: 2F 1-2: Strikes out swinging
|
|
Batting: SHB Toshinori Shimabukuro
|
0-0: Ball 1-0: Ball 2-0: Ground out 4-3 (Groundball, 4, EV 93.8 MPH)
|
| Top of the 6th over - 0 runs, 0 hits, 0 errors, 3 left on base; Mississippi State University 2 - University of Conneticut 0 |
| BOTTOM OF THE 6TH |
|
University of Conneticut Huskies batting - Pitching for Mississippi State University Bulldogs : RHP Gary Gamble
|
|
Batting: LHB Chris Grayson
|
0-0: SINGLE (Groundball, 34D, EV 94.4 MPH)
|
|
Batting: RHB Jordan Nicholas
|
0-0: Called Strike 0-1: Ball Chris Grayson is caught stealing 2nd base 2-4 1-1: Ball 2-1: Ball 3-1: Base on Balls
|
|
Batting: RHB Phil Hilton
|
0-0: Ball 1-0: Called Strike Jordan Nicholas is caught stealing 2nd base 2-4 1-1: Ball 2-1: Ball 3-1: Foul Ball, location: 2F 3-2: Ground out 2-3 (Groundball, 13S, EV 67.5 MPH)
|
| Bottom of the 6th over - 0 runs, 1 hit, 0 errors, 0 left on base; Mississippi State University 2 - University of Conneticut 0 |
| TOP OF THE 7TH |
|
Mississippi State University Bulldogs batting - Pitching for University of Conneticut Huskies : RHP Ti-an Tian
|
|
Pitching: RHP Hugo Chavez
|
|
|
Batting: RHB Masahito Sunada
|
0-0: Ball 1-0: Fly out, F9 (Flyball, 9D, EV 90.6 MPH)
|
|
Batting: RHB Benito Gonzales
|
0-0: Called Strike 0-1: Ball 1-1: Foul Ball, location: 2F 1-2: Foul Ball, location: 2F 1-2: Fly out, F7 (Flyball, 7, EV 91.9 MPH)
|
|
Batting: SHB Jim Rutherford
|
0-0: Swinging Strike 0-1: Ball 1-1: Fly out, F7 (Flyball, 78S, EV 89.4 MPH)
|
| Top of the 7th over - 0 runs, 0 hits, 0 errors, 0 left on base; Mississippi State University 2 - University of Conneticut 0 |
| BOTTOM OF THE 7TH |
|
University of Conneticut Huskies batting - Pitching for Mississippi State University Bulldogs : RHP Gary Gamble
|
|
Pitching: LHP Terry Sanders
|
|
|
Batting: LHB Greg James
|
0-0: Ball 1-0: Swinging Strike 1-1: Swinging Strike 1-2: Ball 2-2: SINGLE (Groundball, 34D, EV 95.6 MPH)
|
|
Batting: RHB Jai De san miguel
|
0-0: Called Strike 0-1: Ball 1-1: Foul Ball, location: 2F 1-2: Ball 2-2: Strikes out swinging
|
|
Batting: RHB Charlie Slayback
|
0-0: Ball 1-0: Foul Ball, location: 2F 1-1: Swinging Strike 1-2: Strikes out swinging
|
|
Batting: RHB Victor Ramos
|
0-0: Called Strike 0-1: Ball 1-1: Ball 2-1: Foul Ball, location: 2F 2-2: Foul Ball, location: 2F 2-2: Strikes out looking
|
| Bottom of the 7th over - 0 runs, 1 hit, 0 errors, 1 left on base; Mississippi State University 2 - University of Conneticut 0 |
| TOP OF THE 8TH |
|
Mississippi State University Bulldogs batting - Pitching for University of Conneticut Huskies : RHP Hugo Chavez
|
|
Batting: RHB Josh Simmons
|
0-0: Ball 1-0: Fly out, F8 (Line Drive, 8RD, EV 98.8 MPH)
|
|
Batting: SHB Shou-xin Ouyang
|
0-0: Foul Ball, location: 2F 0-1: Ball 1-1: Foul Ball, location: 2F 1-2: Foul Ball, location: 2F 1-2: Ball 2-2: Fly out, F9 (Flyball, 9LM, EV 74.4 MPH)
|
|
Batting: RHB Eric Riley
|
0-0: Ball 1-0: Ball 2-0: Ball 3-0: Foul Ball, location: 2F 3-1: Foul Ball, location: 2F 3-2: Strikes out looking
|
| Top of the 8th over - 0 runs, 0 hits, 0 errors, 0 left on base; Mississippi State University 2 - University of Conneticut 0 |
| BOTTOM OF THE 8TH |
|
University of Conneticut Huskies batting - Pitching for Mississippi State University Bulldogs : LHP Terry Sanders
|
|
Batting: LHB Matt Reed
|
0-0: Ball 1-0: Called Strike 1-1: Ball 2-1: Foul Ball, location: 2F 2-2: Ball 3-2: Foul Ball, location: 2F 3-2: SINGLE (Line Drive, 78S, EV 93.1 MPH)
|
|
Batting: RHB Dave Cobos
|
0-0: Called Strike 0-1: Ball 1-1: SINGLE (Flyball, 89S, EV 93.1 MPH) Matt Reed to second Runner from 2nd tries for 3rd, SAFE, throw by RF made to third
|
|
Pitching: RHP Antonio Ramirez
|
|
|
Pinch Hitting: LHB Jonathan Sica
|
0-0: Swinging Strike 0-1: Called Strike 0-2: Ball 1-2: Ball 2-2: Strikes out swinging
|
|
Batting: RHB Jordan Nicholas
|
0-0: Called Strike 0-1: Fielders Choice at 2nd, 4-6 (Groundball, 4, EV 76.9 MPH) Matt Reed scores
|
|
Batting: RHB Phil Hilton
|
0-0: Foul Ball, location: 2F 0-1: Foul Ball, location: 2F 0-2: Strikes out swinging
|
| Bottom of the 8th over - 1 run, 2 hits, 0 errors, 1 left on base; Mississippi State University 2 - University of Conneticut 1 |
| TOP OF THE 9TH |
|
Mississippi State University Bulldogs batting - Pitching for University of Conneticut Huskies : RHP Hugo Chavez
|
|
Now at 1B: Jonathan Sica
|
|
|
Batting: RHB Logan Strassburg
|
0-0: Called Strike 0-1: Foul Ball, location: 2F 0-2: Foul Ball, location: 2F 0-2: Ball 1-2: Foul Ball, location: 2F 1-2: Ground out 4-3 (Groundball, 4, EV 97.5 MPH)
|
|
Batting: RHB Karl Lukasiewicz
|
0-0: Fly out, F7 (Flyball, 78D, EV 95.0 MPH)
|
|
Batting: SHB Toshinori Shimabukuro
|
0-0: Called Strike 0-1: Foul Ball, location: 2F 0-2: Ball 1-2: Strikes out looking
|
| Top of the 9th over - 0 runs, 0 hits, 0 errors, 0 left on base; Mississippi State University 2 - University of Conneticut 1 |
| BOTTOM OF THE 9TH |
|
University of Conneticut Huskies batting - Pitching for Mississippi State University Bulldogs : RHP Antonio Ramirez
|
|
Pitching: RHP Josh Noonan
|
|
|
Now at 1B: Bill Petipas
|
|
|
Now at 2B: Jim Rutherford
|
|
|
Now in LF: Shou-xin Ouyang
|
|
|
Batting: LHB Greg James
|
0-0: Ball 1-0: Called Strike 1-1: Foul Ball, location: 2F 1-2: Ball 2-2: Ground out 3-1 (Groundball, 34, EV 106.2 MPH)
|
|
Batting: RHB Jai De san miguel
|
0-0: SOLO HOME RUN (Flyball, 7LD, EV 96.9 MPH), Distance : 350 ft
|
|
Batting: RHB Charlie Slayback
|
0-0: Called Strike 0-1: Ball 1-1: Ball 2-1: Foul Ball, location: 2F 2-2: Strikes out swinging
|
|
Batting: RHB Victor Ramos
|
0-0: Ball 1-0: Ball 2-0: Called Strike 2-1: Foul Ball, location: 2F 2-2: Ball 3-2: Fly out, F8 (Line Drive, 8RS, EV 91.2 MPH)
|
| Bottom of the 9th over - 1 run, 1 hit, 0 errors, 0 left on base; Mississippi State University 2 - University of Conneticut 2 |
| TOP OF THE 10TH |
|
Mississippi State University Bulldogs batting - Pitching for University of Conneticut Huskies : RHP Hugo Chavez
|
|
Pitching: RHP Andy Barnitz
|
|
|
Batting: RHB Masahito Sunada
|
0-0: Foul Ball, location: 2F 0-1: Ball 1-1: Called Strike 1-2: Foul Ball, location: 2F 1-2: Strikes out looking
|
|
Batting: RHB Bill Petipas
|
0-0: Ball 1-0: Ball 2-0: Foul Ball, location: 2F 2-1: Foul Ball, location: 2F 2-2: Strikes out looking
|
|
Pinch Hitting: RHB Rich Martinez
|
0-0: Called Strike 0-1: Called Strike 0-2: Ball 1-2: Ball 2-2: Strikes out swinging
|
| Top of the 10th over - 0 runs, 0 hits, 0 errors, 0 left on base; Mississippi State University 2 - University of Conneticut 2 |
| BOTTOM OF THE 10TH |
|
University of Conneticut Huskies batting - Pitching for Mississippi State University Bulldogs : RHP Josh Noonan
|
|
Now at 2B: Eric Riley
|
|
|
Now at SS: Freddie Kite
|
|
|
Batting: LHB Matt Reed
|
0-0: Called Strike 0-1: Ball 1-1: Ball 2-1: Foul Ball, location: 2F 2-2: Ball 3-2: SINGLE (Line Drive, 78S, EV 92.5 MPH)
|
|
Batting: RHB Dave Cobos
|
0-0: Called Strike 0-1: Sac Bunt to 2L - play at first, batter OUT! 2-3 Matt Reed to second
|
|
Batting: LHB Jonathan Sica
|
0-0: Intentional Walk
|
|
Batting: RHB Jordan Nicholas
|
0-0: Ball 1-0: Grounds into double play, 6-4-3 (Groundball, 6, EV 106.2 MPH)
|
| Bottom of the 10th over - 0 runs, 1 hit, 0 errors, 1 left on base; Mississippi State University 2 - University of Conneticut 2 |
| TOP OF THE 11TH |
|
Mississippi State University Bulldogs batting - Pitching for University of Conneticut Huskies : RHP Andy Barnitz
|
|
Batting: RHB Josh Simmons
|
0-0: Called Strike 0-1: SINGLE (Line Drive, 4D, EV 96.2 MPH)
|
|
Batting: SHB Shou-xin Ouyang
|
0-0: Bunt missed! 0-1: Bunt missed! 0-2: Fielders Choice at 2nd, 3-6 (Groundball, 3, EV 88.8 MPH)
|
|
Batting: RHB Eric Riley
|
0-0: Foul Ball, location: 2F 0-1: Swinging Strike 0-2: Ball 1-2: Foul Ball, location: 2F 1-2: Fielders Choice at 2nd, 6-4 (Groundball, 6, EV 86.2 MPH)
|
|
Batting: RHB Logan Strassburg
|
0-0: Called Strike 0-1: Ball 1-1: Ball 2-1: Foul Ball, location: 2F 2-2: Ball 3-2: Foul Ball, location: 2F 3-2: Ground out U3 (Groundball, 3, EV 80.6 MPH)
|
| Top of the 11th over - 0 runs, 1 hit, 0 errors, 1 left on base; Mississippi State University 2 - University of Conneticut 2 |
| BOTTOM OF THE 11TH |
|
University of Conneticut Huskies batting - Pitching for Mississippi State University Bulldogs : RHP Josh Noonan
|
|
Batting: RHB Phil Hilton
|
0-0: Called Strike 0-1: Ball 1-1: Called Strike 1-2: Strikes out looking
|
|
Batting: LHB Greg James
|
0-0: Called Strike 0-1: Ball 1-1: Foul Ball, location: 2F 1-2: Ball 2-2: Foul Ball, location: 2F 2-2: Foul Ball, location: 2F 2-2: Ball 3-2: Fly out, F9 (Flyball, 9LM, EV 106.2 MPH)
|
|
Batting: RHB Jai De san miguel
|
0-0: Called Strike 0-1: Fly out, F9 (Flyball, 9LSF, EV 90.0 MPH)
|
| Bottom of the 11th over - 0 runs, 0 hits, 0 errors, 0 left on base; Mississippi State University 2 - University of Conneticut 2 |
| TOP OF THE 12TH |
|
Mississippi State University Bulldogs batting - Pitching for University of Conneticut Huskies : RHP Andy Barnitz
|
|
Batting: RHB Karl Lukasiewicz
|
0-0: DOUBLE (Flyball, 8RD, EV 105.0 MPH)
|
|
Batting: SHB Toshinori Shimabukuro
|
0-0: Intentional Walk
|
|
Batting: RHB Masahito Sunada
|
0-0: Ball 1-0: Swinging Strike 1-1: Ball 2-1: Called Strike 2-2: Foul Ball, location: 2F 2-2: Strikes out swinging
|
|
Batting: RHB Bill Petipas
|
0-0: Foul Ball, location: 2F 0-1: Swinging Strike 0-2: Grounds into double play, 4-6-3 (Groundball, 34, EV 90.6 MPH)
|
| Top of the 12th over - 0 runs, 1 hit, 0 errors, 1 left on base; Mississippi State University 2 - University of Conneticut 2 |
| BOTTOM OF THE 12TH |
|
University of Conneticut Huskies batting - Pitching for Mississippi State University Bulldogs : RHP Josh Noonan
|
|
Batting: RHB Charlie Slayback
|
0-0: Called Strike 0-1: Ground out 5-3 (Groundball, 56S, EV 70.6 MPH)
|
|
Batting: RHB Victor Ramos
|
0-0: Called Strike 0-1: Ball 1-1: Ball 2-1: Called Strike 2-2: Ball 3-2: Base on Balls
|
|
Batting: LHB Matt Reed
|
0-0: Ball Victor Ramos steals 2nd base 1-0: Hit by Pitch
|
|
Batting: RHB Dave Cobos
|
0-0: Bunt missed! 0-1: Ball 1-1: Ball 2-1: Reached on error, E1 (Groundball, 15, EV 43.8 MPH) Victor Ramos to third Matt Reed to second
|
|
Pitching: RHP Chris Pearson
|
|
|
Batting: LHB Jonathan Sica
|
0-0: Foul Ball, location: 2F 0-1: Swinging Strike 0-2: Ball Wild Pitch! Victor Ramos scores
|
| Bottom of the 12th over - 1 run, 0 hits, 1 error, 2 left on base; Mississippi State University 2 - University of Conneticut 3 |
|